 Dungeon Crawl Stone Soup version 0.18-a0-1140-g8540535 (webtiles) character file.

9947 st0uf the Transmogrifier (level 11, -5/88 HPs)
             Began as a White Draconian Transmuter on Jan 21, 2016.
             Was an Elder of Vehumet.
             Slain by a troll (17 damage)
             ... on level 10 of the Dungeon on Jan 22, 2016.
             The game lasted 01:08:07 (13444 turns).

st0uf the Transmogrifier (DrTm)                    Turns: 13444, Time: 01:08:07

Health: -5/88      AC:  2    Str: 13    XL:     11   Next: 29%
Magic:  4/21       EV: 27    Int: 14    God:    Vehumet [****..]
Gold:   550        SH:  0    Dex: 19    Spells: 6 memorised, 4 levels left

rFire  . . .     SeeInvis .       - Unarmed
rCold  . . .     Gourm    .     (armour unavailable)
rNeg   + . .     Faith    .     (shield currently unavailable)
rPois  x         Spirit   .     (helmet currently unavailable)
rElec  .         Dismiss  .     (cloak currently unavailable)
rCorr  .         Reflect  .     (gloves currently unavailable)
SustAt .         Harm     .     (boots currently unavailable)
MR     .....                    (no amulet)
Stlth  +++.......               y - ring of stealth
                                t - ring of positive energy

@: spider-form, very slightly contaminated, drained, not resistant to hostile
enchantments, fairly stealthy
A: (breathe frost), unfitting armour, (cold resistance 0), (cold-blooded), AC +7
a: End Transformation, Renounce Religion


You were on level 10 of the Dungeon.
You worshipped Vehumet.
Vehumet was greatly pleased with you.
You were near starving.
You were a venomous arachnid creature.
You visited 3 branches of the dungeon, and saw 12 of its levels.

You collected 550 gold pieces.

Inventory:

Missiles
 a - 239 arrows
Armour
 j - a +0 pair of gloves (melded)
 o - a +0 pair of boots (melded)
 W - a +0 cloak (melded)
Magical Staves
 F - an uncursed staff of conjuration
Jewellery
 t - a ring of positive energy (left front leg)
 y - a ring of stealth (right front leg)
Wands
 p - a wand of cold (11/15)
 C - a wand of slowing (33/48)
 D - a wand of enslavement (9/24)
 L - a wand of paralysis (16/24)
 M - a wand of magic darts (22/48)
 R - a wand of lightning (7/15)
Scrolls
 e - a scroll of fear
 f - 4 scrolls of identify
 i - 4 scrolls of teleportation {unknown}
 k - 2 scrolls of blinking {unknown}
 l - a scroll of random uselessness {unknown}
 m - 4 scrolls of amnesia {unknown}
 n - 8 scrolls of remove curse {unknown}
 u - 4 scrolls of enchant weapon {unknown}
 G - 2 scrolls of noise {unknown}
 K - a scroll of immolation {unknown}
 O - 2 scrolls of magic mapping {unknown}
 P - 2 scrolls of enchant armour {unknown}
 Q - 2 scrolls of recharging {unknown}
 U - a scroll of silence {unknown}
Potions
 h - 3 potions of lignification
 q - a potion of agility {unknown}
 r - 2 potions of resistance {unknown}
 s - 2 potions of curing
 v - a potion of beneficial mutation {unknown}
 w - a potion of heal wounds
 x - 2 potions of magic {unknown}
 z - 3 potions of poison {unknown}
 A - 3 potions of brilliance {unknown}
 J - a potion of mutation {unknown}
 S - 3 potions of haste
 T - 3 potions of might {unknown}
 V - 2 potions of ambrosia {unknown}
 X - a potion of flight {unknown}
Books
 b - a book of Changes

   Spells                             Type                      Level
   a - Beastly Appendage              Transmutation                1
   b - Sticks to Snakes               Transmutation                2
   c - Spider Form                    Transmutation/Poison         3
   d - Ice Form                       Ice/Transmutation            4
   e - Blade Hands                    Transmutation                5
 H - a book of Frost

   Spells                             Type                      Level
   a - Freeze                         Ice                          1
   b - Throw Frost                    Conjuration/Ice              2
   c - Ozocubu's Armour               Charms/Ice                   3
   d - Throw Icicle                   Conjuration/Ice              4
   e - Summon Ice Beast               Ice/Summoning                4
   f - Condensation Shield            Ice                          4
 I - a book of the Dragon

   Spells                             Type                      Level
   a - Flame Tongue                   Conjuration/Fire             1
   b - Cause Fear                     Hexes                        4
   c - Bolt of Fire                   Conjuration/Fire             6
   d - Dragon Form                    Transmutation                7
   e - Dragon's Call                  Summoning                    9
 Y - a book of Summonings

   Spells                             Type                      Level
   a - Recall                         Summoning/Translocation      3
   b - Aura of Abjuration             Summoning                    5
   c - Summon Demon                   Summoning                    5
   d - Summon Forest                  Summoning/Translocation      5
   e - Summon Mana Viper              Hexes/Summoning              5
   f - Shadow Creatures               Summoning                    6
Miscellaneous
 N - a plain deck of changes
Comestibles
 c - 5 bread rations
 d - 4 meat rations
 g - 5 beef jerkies
 B - 10 royal jellies
 E - 4 fruits


   Skills:
 + Level 5.5(5.1) Fighting
 + Level 7.7(7.4) Dodging
 + Level 8.8(8.4) Unarmed Combat
 + Level 6.6(6.3) Spellcasting
 * Level 9.2(8.8) Transmutations
 * Level 6.3(6.0) Ice Magic
 - Level 1.3(1.0) Poison Magic


You had 4 spell levels left.
You knew the following spells:

 Your Spells              Type           Power        Failure   Level  Hunger
a - Beastly Appendage     Trmt           ####..       3%          1    None
b - Sticks to Snakes      Trmt           ####....     4%          2    #......
c - Spider Form           Trmt/Pois      ###.......   21%         3    ###....
d - Blade Hands           Trmt           ####......   32%         5    ######.
e - Freeze                Ice            ###.         1%          1    None
f - Dragon Form           Trmt           ####......   100%        7    #######


Dungeon Overview and Level Annotations

Branches:
Dungeon (10/15)            Temple (1/1) D:5            Lair (1/8) D:8
    Orc: D:9-12

Altars:
Ashenzari
Cheibriados
Dithmenos
Elyvilon
Fedhas
Gozag
Kikubaaqudgha
Makhleb
Nemelex Xobeh
Okawaru
Pakellas
Qazlal
Ru
Sif Muna
Trog
Vehumet
Xom
Yredelemnul
Zin
The Shining One

Shops:
D:10 %


Innate Abilities, Weirdness & Mutations

((You can breathe waves of freezing cold.))
((You can buffet flying creatures when you breathe cold.))
((Your icy white scales are hard (AC +7).))
Your body does not fit into most forms of armour.
((Your flesh is cold resistant.))
((You are cold-blooded and may be slowed by cold attacks.))


Message History

The troll is lightly wounded.
The troll completely misses you. The troll closely misses you.
The troll claws you.
* * * LOW HITPOINT WARNING * * *
You hit the troll.
The troll looks even sicker.
The troll is moderately wounded.
The troll misses you. The troll closely misses you.
The troll completely misses you.
You barely miss the troll.
The troll is moderately wounded.
You are near starving!
You hit the troll.
The troll is heavily wounded.
The troll bites you.
* * * LOW HITPOINT WARNING * * *
The troll barely misses you. The troll misses you.
You bite the troll!
The troll is severely wounded.
The troll bites you!
You die...

.........).....(..............###
######.###........#####.......# #
.#####.# #.###....#####..#+##[###
.......# #.# #....#..............
.####### ### #.......##.........)
.# #..................# .#
##'#....##.##.#..#.# .#
######.#....##.##....#.# ..
........sT..............# .#.
###.#.................... ....
........................ .....
........................ ##.###
##........#..........#.#
#........#.#...........
#...........)..........
........#.#.............
........#.#.#....#...#..


You could see a troll.

Vanquished Creatures
  Pikel (D:6)
  The ghost of derval the Spear-Bearer, a novice MfSk of Okawaru (D:6)
  An ugly thing (D:9)
  2 gargoyles (D:10)
  2 trolls
  Sigmund (D:4)
  3 yaks (D:9)
  2 hungry ghosts (D:8)
  2 hippogriffs
  4 wolves (Lair:1)
  Edmund (D:5)
  A soldier ant (D:8)
  A water moccasin (Lair:1)
  3 wasps (D:8)
  2 sky beasts (D:6)
  3 slaves (D:6)
  A black bear (D:10)
  2 eyes of draining
  4 orc warriors
  5 ogres
  3 phantoms
  5 centaurs
  2 big kobolds
  A crocodile (Lair:1)
  4 giant frogs
  A water moccasin zombie (D:8)
  5 scorpions
  12 killer bees (D:7)
  12 wights
  8 crimson imps
  4 giant frog zombies
  3 orc priests
  6 orc wizards
  6 hounds
  4 jellies
  3 centaur skeletons
  Jessica (D:2)
  Ijyb (D:2)
  Terence (D:2)
  An iguana (D:9)
  7 worker ants
  A killer bee zombie (D:9)
  8 adders
  4 gnolls
  2 shadow imps (D:6)
  3 oozes
  2 worms
  6 giant geckos
  20 orcs
  5 giant cockroaches
  7 hobgoblins
  11 jackals
  10 kobolds
  7 quokkas
  A ball python (D:4)
  12 bats
  A giant gecko skeleton (D:3)
  4 giant newts
  5 goblins
  A quokka skeleton (D:4)
  2 quokka zombies
  11 rats
255 creatures vanquished.

Vanquished Creatures (others)
  A hound (D:6)
  A quokka (D:6)
  A fungus (Lair:1)
3 creatures vanquished.

Grand Total: 258 creatures vanquished

Notes
Turn   | Place    | Note
--------------------------------------------------------------
     0 | D:1      | st0uf the Draconian Transmuter began the quest for the Orb.
     0 | D:1      | Reached XP level 1. HP: 16/16 MP: 3/3
   299 | D:1      | Reached XP level 2. HP: 21/23 MP: 3/5
   940 | D:2      | Noticed Terence
   987 | D:2      | Reached XP level 3. HP: 3/28 MP: 4/6
  1378 | D:4      | Reached XP level 4. HP: 32/35 MP: 7/7
  1384 | D:4      | Found a snail-covered altar of Cheibriados.
  1401 | D:5      | Entered Level 5 of the Dungeon
  1518 | D:5      | Found an ancient bone altar of Kikubaaqudgha.
  1555 | D:5      | Reached skill level 4 in Unarmed Combat
  1560 | D:5      | Learned a level 2 spell: Sticks to Snakes
  1564 | D:5      | Learned a level 3 spell: Spider Form
  1756 | D:5      | Noticed a giant frog
  1779 | D:5      | Killed a giant frog
  1779 | D:5      | Reached XP level 5. HP: 36/41 MP: 3/9
  2047 | D:5      | Found a staircase to the Ecumenical Temple.
  2051 | Temple   | Entered the Ecumenical Temple
  2071 | Temple   | Became a worshipper of Vehumet
  2257 | D:5      | Noticed a phantom
  2408 | D:2      | Noticed Ijyb
  2423 | D:2      | Killed Ijyb
  2423 | D:2      | Reached XP level 6. HP: 46/48 MP: 10/10
  2950 | D:2      | Noticed Jessica
  2955 | D:2      | Killed Jessica
  3033 | D:2      | Found a stormy altar of Qazlal.
  3327 | D:2      | Killed Terence
  3449 | D:3      | Reached * piety under Vehumet
  3449 | D:3      | Offered knowledge of Sting by Vehumet.
  4545 | D:4      | Reached skill level 5 in Unarmed Combat
  4545 | D:4      | Reached XP level 7. HP: 50/56 MP: 4/12
  4545 | D:4      | Your scales start taking on an icy white colour.
  4545 | D:4      | Gained mutation: Your flesh is cold resistant. [White Draconian growth]
  4733 | D:4      | Noticed Sigmund
  4744 | D:4      | Killed Sigmund
  5207 | D:5      | Reached ** piety under Vehumet
  5207 | D:5      | Offered knowledge of Throw Flame by Vehumet.
  5381 | D:5      | Reached skill level 1 in Poison Magic
  5407 | D:5      | Reached XP level 8. HP: 63/63 MP: 9/13
  5493 | D:5      | Noticed Edmund
  5506 | D:5      | Killed Edmund
  5506 | D:5      | Reached skill level 6 in Unarmed Combat
  5506 | D:5      | Reached skill level 5 in Transmutations
  5666 | D:6      | Noticed derval's ghost (novice MfSk)
  5911 | D:6      | Noticed Pikel
  7247 | D:7      | Reached skill level 5 in Dodging
  7478 | D:7      | Learned a level 5 spell: Blade Hands
  7504 | D:7      | Learned a level 1 spell: Freeze
  7690 | D:7      | Reached XP level 9. HP: 53/71 MP: 15/15
  7737 | D:7      | Offered knowledge of Stone Arrow by Vehumet.
  8140 | D:7      | Reached skill level 7 in Unarmed Combat
  8197 | D:7      | Reached skill level 5 in Spellcasting
  8214 | D:7      | Found a glowing golden altar of the Shining One.
  8350 | D:7      | Reached skill level 1 in Ice Magic
  8589 | D:6      | Reached *** piety under Vehumet
  8929 | D:6      | Found a sparkling altar of Nemelex Xobeh.
  9103 | D:6      | Killed Pikel
  9135 | D:6      | Killed derval's ghost
  9333 | D:6      | Reached XP level 10. HP: 71/80 MP: 7/18
  9912 | D:8      | Offered knowledge of Inner Flame by Vehumet.
  9929 | D:8      | Found a shimmering altar of Xom.
 10069 | D:8      | Reached skill level 8 in Transmutations
 10421 | D:8      | Found a staircase to the Lair.
 10425 | Lair:1   | Entered Level 1 of the Lair of Beasts
 10443 | Lair:1   | Noticed a spiny frog
 10457 | Lair:1   | Reached skill level 5 in Fighting
 10463 | Lair:1   | Reached skill level 5 in Ice Magic
 10795 | D:9      | Found a white marble altar of Elyvilon.
 11083 | D:9      | Learned a level 7 spell: Dragon Form
 11190 | D:9      | Found a bloodstained altar of Trog.
 11252 | D:9      | Noticed a white ugly thing
 11393 | D:9      | Killed a red ugly thing
 11782 | D:9      | Reached **** piety under Vehumet
 11788 | D:9      | Reached XP level 11. HP: 59/88 MP: 20/20
 12139 | D:10     | Entered Level 10 of the Dungeon
 12204 | D:10     | Offered knowledge of Iskenderun's Mystic Blast by Vehumet.
 12631 | D:10     | Reached skill level 9 in Transmutations
 13366 | D:10     | Found Beniereg's Food Shoppe.
 13444 | D:10     | Slain by a troll

Vault maps used:
D:1:      erik_arrival_triangle_medium, minivault_23
D:2:      lemuel_doored_altar, first_bread, uniq_jessica, uniq_terence,
          uniq_iyjb
D:3:      grunt_ministairs_9
D:4:      cheibriados_altar_wand_db, uniq_sigmund
D:5:      nicolae_overflow_crystal_walls, minmay_temple_entry_glassed_door,
          minmay_door_square, uniq_edmund
D:6:      nemelex_deck, uniq_pikel
D:7:      tso_metal_star
D:8:      lair_0_dummy, hangedman_pestilent_swarm, xom_teletrap_fun
D:9:      elyvilon_altar_3, lemuel_round_altar
D:10:     serial_shops, nicolae_shop_stone, minmay_gold_behind_fungi
Temple:   nicolae_temple_god_jail
Lair:1:   serial_bayou_shore_b, uniq_joseph

Action                   |  1- 3 |  4- 6 |  7- 9 | 10-12 || total
-------------------------+-------+-------+-------+-------++-------
Melee: Unarmed           |   132 |   188 |   373 |   339 ||  1032
 Cast: Beastly Appendage |    26 |    25 |     9 |     8 ||    68
       Spider Form       |       |    13 |    37 |     1 ||    51
       Freeze            |       |       |     2 |       ||     2
       Blade Hands       |       |       |     3 |    33 ||    36
 Abil: Breathe Frost     |       |       |     7 |       ||     7
Evoke: Wand              |       |       |     3 |       ||     3
  Use: Potion            |     3 |       |     3 |     1 ||     7
       Scroll            |       |       |       |     2 ||     2
 Stab: Sleeping          |     2 |     4 |     5 |     2 ||    13
       Distracted        |       |       |       |     1 ||     1
  Eat: Chunk             |     2 |    12 |    21 |    25 ||    60
       Fruit             |       |       |     1 |     2 ||     3
